Map: Triton LE

Players

Kurama

  • Race: Protoss Protoss
  • League: Platinum
  • Spawn Location: 11:00

Ratl - Winner!

  • Race: Protoss Protoss
  • League: Silver
  • Spawn Location: 5:00

VOD

Have the link to the VOD?

Description

Time

  • Played on: Feb. 15, 2020, 12:01 p.m.
  • Length: 18:06
Show
View Real Time Build Order
Export as new Build Order

Kurama Protoss 

Build Orders: Carriers, Chargelot Immortal 

Get SALT Encoding   

  12  0:00  Probe  
  13  0:13  Probe  
  14  0:17  Pylon  
  14  0:25  Probe  
  15  0:37  Probe (Chrono Boost)  
  15  0:41  Gateway  
  16  0:49  Probe (Chrono Boost)  
  17  0:52  Assimilator  
  17  0:56  Probe (Chrono Boost)  
  18  1:03  Probe  
  18  1:07  Gateway  
  19  1:16  Probe  
  20  1:37  Cybernetics Core  
  20  1:42  Pylon  
  20  1:49  Probe  
  20  1:53  Assimilator  
  21  2:01  Probe  
  22  2:13  Probe, Nexus  
  23  2:17  Pylon  
  23  2:23  Warp Gate (Chrono Boost)  
  23  2:25  Stalker (Chrono Boost)  
  25  2:36  Robotics Facility  
  25  2:38  Probe  
  26  2:55  Stalker  
  26  2:57  Stalker  
  30  3:01  Probe  
  31  3:14  Probe  
  32  3:29  Probe  
  32  3:30  Probe  
  34  3:37  Observer (Chrono Boost)  
  35  3:41  Probe  
  35  3:42  Probe  
  37  3:50  Immortal (Chrono Boost)  
  37  3:51  Shield Battery  
  37  3:53  Probe  
  37  3:54  Probe  
  43  4:05  Pylon  
  43  4:06  Probe x2  
  45  4:10  Pylon  
  45  4:18  Probe x2  
  47  4:26  Warp Prism  
  47  4:27  Gateway  
  47  4:30  Probe  
  50  4:31  Gateway  
  50  4:32  Probe  
  51  4:42  Probe  
  52  4:53  Gateway  
  52  4:55  Gateway  
  52  4:56  Probe  
  52  4:57  Probe, Gateway  
  54  5:02  Assimilator  
  54  5:04  Assimilator  
  54  5:09  Probe  
  55  5:16  Stalker  
  55  5:18  Stalker  
  59  5:26  Observer  
  59  5:33  Immortal (Chrono Boost)  
  59  5:34  Twilight Council  
  59  5:39  Pylon  
  59  5:40  Twilight Council  
  63  6:05  Immortal (Chrono Boost)  
  63  6:11  Charge  
  67  6:35  Zealot x2  
  67  6:36  Zealot x2  
  67  6:37  Zealot  
  67  6:38  Zealot  
  63  7:18  Zealot x2, Stalker  
  63  7:19  Stalker x2  
  63  7:20  Stalker  
  67  7:57  Stalker  
  67  7:58  Stalker  
  71  8:07  Immortal  
  71  8:15  Stalker x2  
  71  8:16  Stalker  
  67  8:31  Nexus  
  67  8:33  Pylon, Stargate  
  67  8:35  Pylon, Stargate  
  67  8:37  Stargate  
  67  8:38  Pylon  
  67  8:46  Immortal (Chrono Boost)  
  71  8:55  Nexus  
  71  8:57  Pylon  
  71  9:00  Pylon  
  71  9:02  Pylon  
  71  9:04  Cybernetics Core  
  71  9:09  Protoss Air Weapons Level 1 (Chrono Boost)  
  71  9:24  Void Ray x2 (Chrono Boost)  
  71  9:25  Void Ray (Chrono Boost), Observer (Chrono Boost)  
  84  9:37  Immortal  
  84  9:39  Assimilator  
  84  9:41  Assimilator  
  88  9:56  Assimilator  
  88  9:57  Pylon, Assimilator  
  88  10:01  Protoss Air Armor Level 1 (Chrono Boost)  
  88  10:03  Fleet Beacon  
  88  10:07  Void Ray  
  88  10:08  Void Ray  
  88  10:10  Void Ray  
  96  10:16  Immortal  
  104  10:24  Probe x4  
  108  10:36  Probe (Chrono Boost)  
  108  10:41  Probe (Chrono Boost)  
  110  10:47  Probe (Chrono Boost)  
  112  10:50  Probe (Chrono Boost)  
  112  10:51  Probe (Chrono Boost)  
  113  11:03  Probe  
  114  11:07  Carrier x3 (Chrono Boost)  
  132  11:15  Probe  
  133  11:32  Observer  
  133  11:46  Protoss Air Weapons Level 2 (Chrono Boost)  
  133  12:01  Carrier (Chrono Boost)  
  132  12:02  Carrier x2 (Chrono Boost)  
  150  12:24  Probe x2  
  150  12:26  Probe x2  
  150  12:28  Protoss Air Armor Level 2 (Chrono Boost)  
  154  12:38  Probe  
  155  12:48  Forge  
  155  12:50  Probe  
  156  12:54  Carrier (Chrono Boost)  
  162  13:02  Probe  
  162  13:03  Pylon  
  163  13:07  Pylon  
  163  13:09  Pylon  
  163  13:11  Pylon  
  161  13:12  Pylon  
  161  13:18  Carrier (Chrono Boost)  
  173  13:32  Protoss Shields Level 1 (Chrono Boost)  
  173  13:37  Carrier (Chrono Boost)  
  173  13:39  Mothership (Chrono Boost)  
  187  13:51  Carrier (Chrono Boost)  
  187  14:01  Nexus  
  169  14:22  Void Ray  
  160  14:32  Carrier  
  148  14:48  Void Ray  
  149  15:04  Observer  
  149  15:05  Carrier  
  156  15:12  Assimilator  
  156  15:16  Assimilator  
  156  15:31  Carrier  
  139  16:51  Void Ray  
  139  16:52  Void Ray  
Show
View Real Time Build Order
Export as new Build Order

Ratl Protoss - Winner!

Build Orders:  

Get SALT Encoding   

  12  0:02  Probe  
  13  0:14  Probe  
  13  0:18  Pylon  
  14  0:26  Probe  
  15  0:38  Probe, Gateway  
  16  0:49  Assimilator  
  16  0:50  Probe (Chrono Boost)  
  17  1:01  Probe (Chrono Boost)  
  18  1:05  Probe (Chrono Boost)  
  19  1:14  Pylon  
  19  1:17  Probe  
  20  1:29  Probe, Gateway  
  20  1:32  Cybernetics Core  
  21  1:41  Probe  
  21  1:43  Assimilator  
  22  1:53  Probe  
  23  2:05  Probe  
  23  2:08  Warp Gate  
  24  2:17  Probe  
  25  2:24  Nexus  
  25  2:36  Probe  
  26  2:38  Pylon  
  26  2:39  Pylon  
  26  2:48  Probe, Stalker  
  29  2:56  Stalker  
  31  3:00  Probe  
  32  3:12  Probe (Chrono Boost)  
  33  3:18  Stalker  
  35  3:24  Probe (Chrono Boost)  
  36  3:27  Stalker  
  36  3:30  Probe (Chrono Boost)  
  39  3:36  Robotics Facility  
  39  3:37  Probe (Chrono Boost)  
  41  3:42  Probe (Chrono Boost)  
  42  3:49  Probe (Chrono Boost)  
  42  3:54  Probe x2 (Chrono Boost)  
  44  4:03  Probe x2  
  44  4:05  Pylon  
  46  4:13  Sentry  
  46  4:14  Stalker  
  46  4:15  Probe x2  
  52  4:25  Nexus  
  52  4:27  Probe (Chrono Boost)  
  52  4:28  Probe (Chrono Boost)  
  54  4:39  Probe (Chrono Boost), Stalker  
  54  4:40  Stalker  
  54  4:45  Probe (Chrono Boost)  
  60  4:46  Pylon  
  60  4:51  Probe (Chrono Boost)  
  61  4:56  Probe  
  62  5:01  Assimilator  
  62  5:02  Assimilator  
  62  5:03  Probe  
  62  5:05  Stalker  
  62  5:06  Stalker  
  67  5:08  Probe  
  68  5:15  Probe  
  70  5:22  Probe (Chrono Boost)  
  70  5:27  Probe (Chrono Boost)  
  71  5:30  Observer  
  71  5:34  Probe (Chrono Boost)  
  73  5:38  Probe (Chrono Boost)  
  73  5:39  Probe (Chrono Boost)  
  73  5:42  Probe (Chrono Boost)  
  76  5:45  Stalker x2  
  76  5:46  Probe (Chrono Boost)  
  76  5:47  Probe (Chrono Boost)  
  76  5:49  Probe (Chrono Boost)  
  83  5:51  Immortal  
  83  5:53  Gateway x2  
  83  5:56  Gateway  
  87  5:58  Gateway  
  87  5:59  Probe x3  
  87  6:00  Gateway  
  90  6:11  Probe x3  
  92  6:14  Nexus  
  93  6:20  Pylon  
  93  6:27  Assimilator  
  93  6:28  Assimilator  
  93  6:34  Probe, Pylon  
  93  6:38  Probe x2  
  95  6:41  Pylon  
  95  6:45  Stalker x2  
  95  6:46  Probe  
  92  6:51  Probe x2  
  85  6:58  Probe  
  75  7:02  Immortal  
  75  7:03  Probe x2  
  81  7:10  Probe  
  81  7:15  Probe x2  
  84  7:22  Stalker x5  
  89  7:23  Probe, Stalker x2  
  76  7:38  Probe (Chrono Boost)  
  76  7:39  Probe (Chrono Boost)  
  76  7:40  Probe x2 (Chrono Boost)  
  78  7:50  Probe (Chrono Boost)  
  82  7:55  Probe (Chrono Boost)  
  82  7:56  Probe x2 (Chrono Boost)  
  79  7:59  Probe (Chrono Boost)  
  79  8:04  Probe x3 (Chrono Boost)  
  80  8:09  Probe (Chrono Boost)  
  80  8:10  Probe x3 (Chrono Boost)  
  77  8:16  Forge  
  77  8:17  Probe (Chrono Boost), Forge  
  77  8:19  Forge  
  72  8:21  Probe x2 (Chrono Boost)  
  72  8:22  Probe (Chrono Boost), Stalker  
  75  8:29  Probe (Chrono Boost)  
  75  8:34  Probe (Chrono Boost)  
  79  8:37  Probe x3 (Chrono Boost)  
  79  8:39  Probe (Chrono Boost), Immortal  
  85  8:43  Probe (Chrono Boost)  
  85  8:44  Probe (Chrono Boost)  
  85  8:45  Probe (Chrono Boost)  
  88  8:54  Pylon x2  
  91  8:56  Probe x2 (Chrono Boost), Protoss Ground Weapons Level 1 (Chrono Boost), Protoss Ground Armor Level 1 (Chrono Boost)  
  91  8:58  Protoss Shields Level 1 (Chrono Boost)  
  91  9:01  Probe (Chrono Boost)  
  91  9:02  Probe (Chrono Boost)  
  92  9:04  Probe (Chrono Boost)  
  92  9:06  Probe (Chrono Boost)  
  92  9:07  Twilight Council  
  92  9:08  Probe x2 (Chrono Boost)  
  96  9:11  Probe  
  96  9:16  Probe  
  98  9:18  Stalker x3  
  98  9:19  Probe  
  98  9:21  Probe  
  98  9:23  Probe  
  107  9:25  Immortal  
  107  9:28  Probe  
  112  9:31  Probe  
  112  9:33  Probe  
  112  9:35  Probe  
  112  9:37  Assimilator x2  
  115  9:43  Probe  
  116  9:54  Templar Archives  
  116  9:57  Stalker x5  
  116  9:58  Stalker x2  
  130  10:06  Immortal  
  134  10:12  Photon Cannon  
  134  10:15  Photon Cannon  
  134  10:18  Shield Battery  
  134  10:35  Photon Cannon  
  134  10:38  Photon Cannon  
  134  10:43  Photon Cannon  
  134  10:44  Shield Battery  
  134  10:45  Nexus  
  134  10:47  Pylon  
  134  10:49  Stalker x2  
  138  10:50  Pylon x2, Stalker x4  
  138  10:51  High Templar  
  148  11:08  Photon Cannon  
  148  11:10  Photon Cannon, Shield Battery  
  148  11:12  Probe x2  
  148  11:13  Photon Cannon  
  148  11:16  Immortal  
  148  11:17  High Templar x4  
  148  11:18  High Templar x2  
  166  11:21  Archon x2  
  166  11:22  Archon  
  166  11:27  Protoss Ground Weapons Level 2 (Chrono Boost)  
  166  11:28  Protoss Shields Level 2 (Chrono Boost), Protoss Ground Armor Level 2 (Chrono Boost)  
  166  11:52  Immortal (Chrono Boost)  
  170  12:08  Robotics Facility  
  170  12:10  Robotics Facility  
  170  12:23  Pylon  
  170  12:25  Pylon, Immortal  
  170  12:27  Gateway  
  170  12:28  Gateway  
  170  12:29  Gateway  
  174  12:30  High Templar  
  174  12:31  High Templar x5  
  174  12:32  Gateway  
  174  12:34  Gateway  
  174  12:35  Archon x3  
  186  12:42  Assimilator  
  186  12:43  Pylon  
  186  12:44  Pylon, Assimilator  
  186  12:47  Photon Cannon  
  186  12:48  Photon Cannon  
  186  12:49  Immortal x2, Photon Cannon  
  186  12:51  Shield Battery  
  186  12:57  Immortal  
  194  13:09  High Templar  
  200  13:15  Archon  
  190  14:07  High Templar x6  
  190  14:08  High Templar x5  
  190  14:09  High Templar  
  182  14:10  Protoss Ground Armor Level 3 (Chrono Boost), Immortal x3 (Chrono Boost)  
  182  14:11  Archon x3  
  182  14:12  Archon x2  
  194  14:21  Protoss Shields Level 3 (Chrono Boost), Protoss Ground Weapons Level 3 (Chrono Boost)  
  194  14:34  Gateway  
  194  14:36  Gateway  
  194  14:37  Gateway  
  186  14:39  Gateway  
  186  14:40  Gateway  
  186  14:41  High Templar x3, Gateway  
  186  14:42  High Templar x5, Immortal, Gateway  
  186  14:43  Gateway  
  186  14:44  Zealot x4  
  186  14:45  Gateway  
  198  14:47  Archon x2  
  198  14:48  Archon x2  
  198  14:50  Archon, Immortal x2  
  172  15:15  Stalker  
  172  15:16  Stalker x7  
  172  15:17  Stalker x4  
  196  15:34  Stalker x2  
  200  15:44  Nexus  
  200  15:45  Pylon  
  200  15:47  Pylon  
  172  16:27  Stalker  
  172  16:28  Stalker x5  
  172  16:29  Stalker x5  
  172  16:30  Stalker x5  
  172  16:31  Stalker x4  
  172  16:32  Stalker  
  176  16:57  Stalker x7  
  176  16:58  Stalker x6  
  176  16:59  Stalker x4  
  198  17:08  Stalker x4  
  188  17:30  Stalker x6  
Tags
 
Add a new tag
Caveats
  • Supply blocks, unpowered buildings, or Contaminate may cause inaccurate times.
  • Supply counts are checked every 10 seconds.